 Dungeon Crawl Stone Soup version 0.13.1-19-g4b9377e (webtiles) character file.

680 Chiseanne the Grasshopper (level 7, -13/40 HPs)
             Began as a Gargoyle Warper on Dec 20, 2013.
             Was a Follower of Okawaru.
             Mangled by an ogre
             ... wielding a +0,+0 giant club
              (20 damage)
             ... on Level 4 of the Dungeon.
             The game lasted 00:13:42 (3465 turns).

Chiseanne the Grasshopper (Gargoyle Warper)         Turns: 3465, Time: 00:13:43

HP -13/40        AC 10     Str 14      XL: 7   Next: 16%
MP   9/11        EV 14     Int 17      God: Okawaru [*.....]
Gold 183         SH  0     Dex 10      Spells:  3 memorised,  6 levels left

Res.Fire  : . . .   See Invis. : .   a - +0 hand axe {=f}
Res.Cold  : . . .   Warding    : .   u - +0 leather armour
Life Prot.: + . .   Conserve   : .   (no shield)
Res.Poison: +       Res.Corr.  : .   (helmet restricted)
Res.Elec. : +       Clarity    : .   (no cloak)
Sust.Abil.: . .     Spirit.Shd : .   r - +0 pair of gauntlets
Res.Mut.  : .       Stasis     : .   (no boots)
Res.Rott. : +       Flight     : .   (no amulet)
Saprovore : . . .                    (no ring)
                                     (no ring)

@: heroism, slightly resistant to hostile enchantments, stealthy
A: fangs 1, horns 1, talons 2, life protection 1, electricity resistance, slow
metabolism 1, unbreathing, petrification resistance, AC +4, Int +2
a: Heroism, Renounce Religion


You were on level 4 of the Dungeon.
You worshipped Okawaru.
Okawaru was aware of your devotion.
You were not hungry.

You visited 1 branch of the dungeon, and saw 4 of its levels.

You collected 133 gold pieces.

Inventory:

Hand weapons
 a - a +0,+0 hand axe (weapon) {=f}
 q - a -1,+3 orcish dagger
Missiles
 b - 3 needles of slowing
 e - 42 darts (quivered)
 f - 10 darts of dispersal
 j - 32 poisoned needles
Armour
 r - a +0 pair of gauntlets (worn)
 u - a +0 leather armour (worn)
Comestibles
 g - 4 bread rations
 w - a meat ration
Scrolls
 d - a scroll of blinking
 h - a scroll of enchant weapon II {unknown}
 k - 2 scrolls of remove curse {unknown}
 l - 5 scrolls of teleportation {unknown}
 m - 3 scrolls of fear {unknown}
 n - 6 scrolls of identify {unknown}
 o - 2 scrolls of random uselessness {unknown}
 s - 2 scrolls of curse jewellery {unknown}
 t - a scroll of fog {unknown}
 y - a scroll of amnesia {unknown}
Potions
 p - 6 potions of curing {unknown}
 v - a potion of magic {unknown}
 x - a potion of speed {unknown}
Books
 c - a book of Spatial Translocations

   Spells                             Type                      Level
   *Apportation                       Translocation                1
   Portal Projectile                  Translocation                2
   *Blink                             Translocation                2
   *Shroud of Golubria                Charms/Translocation         2
   Teleport Other                     Translocation                3
   Passage of Golubria                Translocation                4


   Skills:
 * Level 3.4(8.4) Fighting
 * Level 3.2(8.2) Axes
 - Level 1.0(6.0) Throwing
 * Level 2.1(7.1) Armour
 * Level 3.9(8.9) Dodging
 * Level 2.6 Spellcasting
 * Level 4.0 Translocations


You had 6 spell levels left.
You knew the following spells:

 Your Spells              Type           Power        Failure   Level  Hunger
a - Apportation           Tloc           ###.......   3%          1    #......
b - Blink                 Tloc           N/A          6%          2    ##.....
c - Shroud of Golubria    Chrm/Tloc      #.........   14%         2    ##.....


Dungeon Overview and Level Annotations

Branches:
Dungeon (4/27)
 Temple: D:4-7

Altars:
Okawaru
Zin


Innate Abilities, Weirdness & Mutations

You are resistant to torment.
You are immune to poison.
Your stone body is very resilient (AC +4).
You have very sharp teeth.
You have razor-sharp toenails.
You resist negative energy.
You are resistant to electric shocks.
You have a slow metabolism.
You can survive without breathing.
You are immune to petrification.
You have a pair of small horns on your head.
Your mind is acute. (Int +2)


Message History

You headbutt the ogre, but do no damage.
The ogre hits you with a giant club!
Ouch! That really hurt!
* * * LOW HITPOINT WARNING * * *
You hit the ogre but do no damage. Your kick misses the ogre.
You bite the ogre.
The ogre is lightly wounded.
You hit the ogre. You claw the ogre, but do no damage.
The ogre is moderately wounded.
The ogre barely misses you.
Drink which item? (? for menu, Esc to quit)
You feel much better. The ogre hits you with a giant club!
Ouch! That really hurt!
* * * LOW HITPOINT WARNING * * *
A hobgoblin comes into view. It is wielding a club.
Use which ability? (? or * to list)
You gain the combat prowess of a mighty hero.
You feel slightly more hungry. The ogre hits you with a giant club!
Ouch! That really hurt!
You die...

###............
#####...........#
#....g..........#
#........#......#
#.............#
#...##....#####
#... #......###
... #........# #
#..@O....#
#.?.......#
............#
........##.....
.........# .....
..#...... ....
........ .
....#... #...


You could see an ogre and a hobgoblin.

Vanquished Creatures
  2 ogres (D:4)
  2 hounds (D:4)
  An orc priest (D:4)
  A giant frog skeleton (D:4)
  An orc wizard (D:4)
  Ijyb (D:3)
  Terence (D:2)
  6 adders
  A worm (D:3)
  A giant eyeball (D:3)
  7 giant geckos
  An ooze (D:1)
  10 orcs
  A ball python (D:3)
  A bat skeleton (D:3)
  A giant cockroach (D:3)
  10 goblins
  8 hobgoblins
  6 kobolds
  A quokka (D:3)
  9 bats
  5 giant newts
  A goblin skeleton (D:4)
  3 jackals (D:1)
  7 rats
88 creatures vanquished.

Notes
Turn   | Place    | Note
--------------------------------------------------------------
     0 | D:1      | Chiseanne, the Gargoyle Warper, began the quest for the Orb.
     0 | D:1      | Reached XP level 1. HP: 12/12 MP: 1/1
   143 | D:1      | Reached XP level 2. HP: 16/16 MP: 3/3
   192 | D:1      | Learned a level 2 spell: Blink
   195 | D:1      | Learned a level 2 spell: Shroud of Golubria
   360 | D:1      | Reached skill level 3 in Translocations
   448 | D:1      | Reached XP level 3. HP: 20/20 MP: 4/4
   875 | D:2      | Noticed Terence
   876 | D:2      | Gained mutation: You have a pair of small horns on your head. [potion of mutation]
   876 | D:2      | Gained mutation: Your mind is acute. (Int +2) [potion of mutation]
  1026 | D:2      | Killed Terence
  1183 | D:2      | Reached XP level 4. HP: 20/26 MP: 6/6
  1750 | D:3      | Paralysed by a giant eyeball for 3 turns
  1772 | D:3      | Reached XP level 5. HP: 30/30 MP: 7/7
  1935 | D:3      | Found an iron altar of Okawaru.
  2001 | D:3      | Became a worshipper of Warmaster Okawaru
  2257 | D:3      | Noticed Ijyb
  2281 | D:3      | Killed Ijyb
  2722 | D:4      | Found a glowing silver altar of Zin.
  2744 | D:4      | Noticed an ogre
  2753 | D:4      | Killed an ogre
  2753 | D:4      | Reached XP level 6. HP: 13/36 MP: 7/9
  2772 | D:4      | Acquired Okawaru's first power
  3125 | D:4      | Reached XP level 7. HP: 16/40 MP: 8/11
  3140 | D:4      | Reached skill level 4 in Translocations
  3465 | D:4      | Mangled by an ogre

Action                   |  1- 3 |  4- 6 |  7- 9 || total
-------------------------+-------+-------+-------++-------
Melee: Hand axe          |   153 |   173 |    28 ||   354
Throw: Dart              |     3 |       |       ||     3
 Cast: Shroud of Golubri |     5 |       |       ||     5
       Blink             |     2 |       |       ||     2
Invok: Heroism           |       |     1 |     1 ||     2
  Use: Potion            |     4 |     1 |     1 ||     6
